 Dungeon Crawl Stone Soup version 0.31.0-11-ge490571c62 (webtiles) character file.

Game seed: 3881890483481427160

4442 MollyMolluskus the Grappler (level 10, -5/72 HPs)
             Began as an Octopode Fighter on Feb 6, 2024.
             Slain by a tengu warrior
             ... wielding a +0 great sword
              (21 damage)
             ... on level 9 of the Dungeon.
             The game lasted 00:26:49 (8066 turns).

MollyMolluskus the Grappler (Octopode Fighter)      Turns: 8066, Time: 00:26:50

Health: -5/72      AC:  1    Str: 31    XL:     10   Next: 37%
Magic:  10/10      EV: 15    Int: 12    God:
Gold:   433        SH:  9    Dex: 11    Spells: 9/9 levels left

rFire   + .          .
                       - Unarmed
rCold   . . .        a - +0 buckler
rNeg    . . .        (helmet restricted)
rPois   .            l - amulet of reflection
rElec   .            h - +6 ring of strength
rCorr   .            n - +6 ring of strength
SInv    +            p - ring of see invisible
Will    .....        u - ring of protection from fire
Stlth   +++          (no ring)
HPRegen 0.32/turn    (no ring)
MPRegen 0.12/turn    (no ring)
                     (no ring)

%: reflection
@: mighty
A: almost no armour, amphibious, 8 rings, camouflage 1, gelatinous body 1,
(nimble swimmer 1), tentacles
a: no special abilities


You were on level 9 of the Dungeon.
You visited 2 branches of the dungeon, and saw 10 of its levels.
You also visited: Ossuary.

You collected 433 gold pieces.

Inventory:

Missiles
 m - 5 boomerangs
 o - 6 javelins (quivered)
Armour
 a - a +0 buckler (worn)
Jewellery
 h - a +6 ring of strength (left tentacle)
 l - an amulet of reflection (around mantle)
 n - a +6 ring of strength (right tentacle)
 p - a ring of see invisible (on tentacle)
 u - a ring of protection from fire (on tentacle)
Wands
 w - a wand of flame (7)
Scrolls
 d - 6 scrolls of teleportation
 f - a scroll of immolation
 q - a scroll of fear
 r - 8 scrolls of identify
 v - a scroll of poison
 x - a scroll of enchant weapon
 y - 2 scrolls of fog
Potions
 b - a potion of might
 c - 4 potions of enlightenment
 e - a potion of haste
 g - a potion of invisibility
 i - 8 potions of curing
 j - 2 potions of ambrosia
 k - 3 potions of resistance
 s - a potion of lignification
 t - 3 potions of heal wounds


   Skills:
 + Level 7.7 Fighting
 + Level 7.8 Dodging
 - Level 4.0 Stealth
 - Level 4.0 Shields
 * Level 10.3 Unarmed Combat


You had 9 spell levels left.
You didn't know any spells.
Your spell library contained the following spells:

 Spells                   Type           Power      Damage    Failure   Level
 Apportation              Tloc           0%         N/A       36%         1
 Cigotuvi's Dreadful Rot  Necr/Alch/Air  0%         N/A       50%         2
 Jinxbite                 Hex            0%         N/A       50%         2
 Summon Ice Beast         Ice/Summ       0%         N/A       75%         3
 Ignite Poison            Fire/Alch      0%         N/A       98%         4
 Alistair's Intoxication  Alch           0%         N/A       100%        5
 Freezing Cloud           Conj/Ice/Air   0%         6-21      100%        5
 Summon Mana Viper        Hex/Summ       0%         N/A       100%        5
 Monstrous Menagerie      Summ           0%         N/A       100%        7


Dungeon Overview and Level Annotations

Branches:
Dungeon (9/15)             Temple (1/1) D:7             Orc (0/2) D:9
Ossuary (visited)
   Lair: D:8-11

Altars:
Ashenzari
Cheibriados
Dithmenos
Elyvilon
Fedhas
Gozag
Hepliaklqana
Kikubaaqudgha
Makhleb
Nemelex Xobeh
Okawaru
Sif Muna
Trog
Uskayaw
Vehumet
Zin
The Shining One

Annotations:
D:3 1 runed translucent door, Consumeair16's ghost, amateur GnWn
D:8 2 runed translucent doors


Innate Abilities, Weirdness & Mutations

You cannot wear most types of armour.
You are amphibious.
You can wear up to eight rings at the same time.
Your skin changes colour to match your surroundings (Stealth+).
Your rubbery body absorbs attacks. (AC +1, EV +1)
((You are camouflaged when in or above water. (Stealth+)))
You have tentacles for arms and can constrict up to eight enemies at once.


Message History

You hear a shout!
You hear a bellow! x2
Your surroundings suddenly seem different.
An orc wizard comes into view. It is wielding a +0 dagger.
Unknown command.
The orc wizard shouts!
The orc wizard hits you with a +0 dagger.
A gnoll comes into view. It is wielding a +0 flail.
A tengu warrior comes into view. It is wielding a +0 great sword.
You hear a shout!
The gnoll shouts!
You hear a croak.
You hear a shout! x2
You bludgeon the orc wizard!
You kill the orc wizard!
You hear an angry buzzing noise.
You hear a shout!
An orc wizard comes into view. It is wielding a +0 dagger.
The orc wizard points at you and mumbles some strange words.
You easily resist.
You tentacle-slap the tengu warrior but do no damage.
You grab the tengu warrior.
You squeeze the tengu warrior, but do no damage.
You constrict the tengu warrior.
The gnoll throws a stone.
You block the stone with an invisible shield... and reflect it back!
The stone hits the gnoll.
The orc wizard mumbles some strange words.
The orc wizard flickers and vanishes for a moment.
You feel very mighty all of a sudden.
You constrict the tengu warrior.
An orc comes into view.
It is wielding a +0 falchion of protection.
The tengu warrior closely misses you. The tengu warrior pecks you.
The tengu warrior barely misses you.
You bludgeon the tengu warrior!
The tengu warrior is moderately wounded.
You constrict the tengu warrior.
The tengu warrior hits you with a +0 great sword!
The tengu warrior pecks you.
* * * LOW HITPOINT WARNING * * *
You block the tengu warrior's attack.
You tentacle-slap the tengu warrior. You squeeze the tengu warrior!
The tengu warrior is severely wounded.
You constrict the tengu warrior.
The tengu warrior hits you with a +0 great sword!!
You die...

... .. ... . ..
.. #. #### # #..
...### ... .o#
...#..
.....#Q####..#.#
.......@.g..#.#
...#..###.##.#
#.......o#
.....##.###...#
##. .... ###
###'## ... ###
.#.#


You could see a tengu warrior, an orc wizard (invisible), a gnoll and an orc.

Vanquished Creatures
  A hornet (D:8)
  6 yaks (D:8)
  2 steam dragons
  A water moccasin (D:9)
  2 ice beasts
  5 orc warriors
  A black bear (D:6)
  2 ogres (D:6)
  3 centaurs
  2 phantoms
  2 lemures (D:9)
  2 elf zombies (Ossuary)
  3 scorpions
  2 bullfrogs
  3 wights (D:8)
  5 howler monkeys
  2 electric eels (D:6)
  2 centaur zombies (Ossuary)
  An orc priest (D:5)
  5 human zombies (Ossuary)
  3 bombardier beetles
  A hound (D:4)
  2 iguanas (D:6)
  8 orc wizards
  A crocodile zombie (Ossuary)
  A bullfrog simulacrum (Ossuary)
  3 mummies (Ossuary)
  5 adders
  A white imp (D:6)
  2 ufetubi (D:6)
  2 dart slugs (D:1)
  2 ribbon worms
  20 orcs
  6 endoplasms
  2 giant cockroaches
  3 goblins (D:2)
  7 hobgoblins
  2 jackals (D:1)
  2 quokkas
  8 ball pythons
  5 bats
  6 frilled lizards
  7 kobolds
  3 rats
154 creatures vanquished.

Notes
Turn   | Place    | Note
-------+----------+-------------------------------------------
     0 | D:1      | MollyMolluskus the Octopode Fighter began the quest for the
                  | Orb.
     0 | D:1      | Reached XP level 1. HP: 16/16 MP: 1/1
   269 | D:1      | Reached XP level 2. HP: 19/21 MP: 2/2
   419 | D:1      | Reached skill level 1 in Stealth
   768 | D:2      | Found a faded altar of an unknown god.
   931 | D:2      | Reached XP level 3. HP: 26/26 MP: 3/3
  1728 | D:3      | Reached skill level 3 in Unarmed Combat
  1728 | D:3      | Reached XP level 4. HP: 22/31 MP: 4/4
  2591 | D:3      | Found a runed translucent door.
  2591 | D:3      | Noticed Consumeair16's ghost (amateur GnWn)
  2753 | D:4      | Noticed a scorpion
  2770 | D:4      | Killed a scorpion
  2771 | D:4      | Reached XP level 5. HP: 21/36 MP: 5/5
  2863 | D:4      | Found a sand-covered staircase.
  2888 | Ossuary  | Entered an ossuary
  2908 | Ossuary  | Reached skill level 4 in Unarmed Combat
  2908 | Ossuary  | Reached XP level 6. HP: 31/43 MP: 6/6
  3101 | Ossuary  | Reached XP level 7. HP: 4/48 MP: 7/7
  3298 | Ossuary  | Reached skill level 5 in Unarmed Combat
  4309 | D:5      | Entered Level 5 of the Dungeon
  4485 | D:5      | Reached XP level 8. HP: 33/54 MP: 8/8
  4602 | D:5      | Reached skill level 6 in Unarmed Combat
  4651 | D:5      | Reached skill level 5 in Fighting
  4651 | D:5      | Reached skill level 5 in Dodging
  5674 | D:6      | Reached skill level 7 in Unarmed Combat
  5878 | D:6      | Reached XP level 9. HP: 62/62 MP: 9/9
  6325 | D:7      | Found a staircase to the Ecumenical Temple.
  6338 | Temple   | Entered the Ecumenical Temple
  6386 | D:7      | Reached skill level 8 in Unarmed Combat
  6937 | D:8      | Noticed a hornet
  6944 | D:8      | Killed a hornet
  7012 | D:8      | Reached skill level 9 in Unarmed Combat
  7097 | D:8      | Found a shadowy altar of Dithmenos.
  7097 | D:8      | Found a glowing silver altar of Zin.
  7385 | D:8      | Found a runed translucent door.
  7501 | D:8      | Reached XP level 10. HP: 60/71 MP: 10/10
  7514 | D:8      | Reached skill level 10 in Unarmed Combat
  7634 | D:8      | Found a runed translucent door.
  7939 | D:9      | Found a staircase to the Orcish Mines.
  8049 | D:9      | Noticed a centaur warrior
  8050 | D:9      | Noticed a centaur warrior
  8058 | D:9      | Noticed a tengu warrior
  8066 | D:9      | Slain by a tengu warrior

Illustrated notes

Levels and vault maps discovered:
D:1:      orjb1_clovarrival, layout_basic
D:2:      layout_loops_corners, shapermc_ecumenical_altar_mp_highgroup
D:3:      layout_basic, gammafunk_ghost_grave
D:4:      layout_cave_pools, nicolae_ossuary_entry_false_entrances,
          serial_co_window_serial, co_window_paths_a, co_window_paths_a,
          co_window_corner_a, co_window_corner_a, co_window_paths_b,
          co_window_corner_a, co_window_paths_a, co_window_broadway_a,
          co_window_corner_cb, co_window_broadway_c, co_window_corner_b,
          co_window_broadway_c, co_window_paths_d, co_window_paths_e,
          glass_columns_a
D:5:      layout_loops_ring
D:6:      layout_loops_ring, serial_bayou, serial_bayou_shore_a,
          serial_bayou_pond_d, serial_bayou_pond_e, serial_bayou_crossing,
          serial_library_hellmonk_hallway_a
D:7:      layout_basic, minmay_temple_entry_slanted
D:8:      lemuel_insect_pit, layout_rooms, mainiacjoe_overflow_divided_tiny,
          nrook_campfire
D:9:      minmay_the_grid_3x2 [minmay_the_grid_tree, minmay_the_grid_embedded,
          minmay_the_grid_stretched_grid, minmay_the_grid_zigzag_pyramid,
          minmay_the_grid_fan, minmay_the_grid_prize_inner_circle],
          layout_rooms, david_orc_4, minmay_shattered_shrine, uniq_pikel,
          uniq_jeremiah
Temple:   regret_index_temple_waves

Skill      XL: |  1  2  3  4  5  6  7  8  9 10 |
---------------+-------------------------------+-----
Stealth        | 1 2 3 4 |  4.0
Unarmed Combat | 3 4 5 7 9 10 | 10.3
Shields        | 4 |  4.0
Fighting       | 4 5 7 |  7.7
Dodging        | 4 5 7 |  7.8

Action                     |  1- 3 |  4- 6 |  7- 9 | 10-12 || total
---------------------------+-------+-------+-------+-------++-------
  Melee: Unarmed           |    64 |    92 |   191 |    50 ||   397
         Constrict         |    20 |    20 |    33 |    15 ||    88
         Tentacles         |    13 |    23 |    46 |    17 ||    99
         Punch             |       |     7 |     8 |     5 ||    20
    Use: Scroll            |     8 |     2 |     9 |     3 ||    22
         Potion            |       |     1 |     1 |     1 ||     3
   Stab: Sleeping          |     7 |     2 |    19 |       ||    28
 Armour: Skin              |    18 |    45 |    65 |    12 ||   140
  Dodge: Dodged            |    36 |    41 |    73 |    20 ||   170
  Block: Buckler           |    10 |    14 |    52 |    11 ||    87
         Reflection        |       |       |     3 |     1 ||     4
